 Dungeon Sprint DCSS version 0.21-a0-278-ga722497 (webtiles) character file.

24620 potatolord6000 the Severer (level 13, -2/133 HPs)
             Began as a Hill Orc Fighter on Sept 20, 2017.
             Was the Champion of Beogh.
             Shot with a bolt by a yaktaur (8 damage)
             ... led by a yaktaur captain
             ... in the Dungeon (Sprint VII: "The Pits").
             The game lasted 00:17:11 (3184 turns).

potatolord6000 the Severer (Hill Orc Fighter)       Turns: 3184, Time: 00:17:12

Health: -2/133     AC: 24    Str: 24    XL:     13   Next: 14%
Magic:  0/26       EV:  8    Int: 11    God:    Beogh [******]
Gold:   33         SH: 14    Dex: 10    Spells: 12/12 levels left

rFire    . . .     SeeInvis .   e - +7 broad axe (chop)
rCold    . . .     Gourm    .   c - +0 shield
rNeg     . . .     Faith    .   v - +3 plate armour
rPois    .         Spirit   .   (no helmet)
rElec    .         Reflect  .   t - +2 cloak
rCorr    .         Harm     .   (no gloves)
MR       .....     NoTele   +   (no boots)
Stlth    ..........             a - amulet of regeneration
HPRegen  0.72/turn              d - +3 ring of intelligence
MPRegen  0.20/turn              g - +3 ring of slaying

@: slowed, very slow
A: walk on water
a: Smiting, Recall Orcish Followers, Give Item to Named Follower, Resurrection,
Renounce Religion


You were in the Dungeon.
You worshipped Beogh.
Beogh was exalted by your worship.
You were full.

You visited 1 branch You collected 33 gold pieces.

Inventory:

Hand Weapons
 e - a +7 broad axe of chopping (weapon)
Armour
 c - a +0 shield (worn)
 t - a +2 cloak (worn)
 v - a +3 plate armour (worn)
Jewellery
 a - an amulet of regeneration (around neck)
 d - a +3 ring of intelligence (left hand)
 g - a +3 ring of slaying (right hand)
 h - a +3 ring of intelligence
Scrolls
 k - a scroll of blinking
 m - 3 scrolls of remove curse
 n - 5 scrolls of amnesia
 o - a scroll of summoning
 r - 3 scrolls of identify
 x - a scroll of fog
 y - 2 scrolls of fear
Potions
 b - 5 potions of curing
 i - 3 potions of magic
 j - 2 potions of berserk rage
 l - a potion of invisibility
 s - 2 potions of brilliance
 w - a potion of resistance
Comestibles
 f - 10 bread rations
 p - 40 fruits
 q - 9 meat rations
 u - 12 royal jellies


   Skills:
 + Level 17.6 Fighting
 + Level 18.7 Axes
 + Level 16.4 Armour
 + Level 16.3 Shields
 + Level 18.6 Invocations


You had 12 spell levels left.
You didn't know any spells.

Dungeon Overview and Level Annotations

Branches:
Dungeon (1/1)

Altars:
Ashenzari
Cheibriados
Dithmenos
Elyvilon
Fedhas
Gozag
Hepliaklqana
Kikubaaqudgha
Makhleb
Nemelex Xobeh
Okawaru
Qazlal
Ru
Sif Muna
Trog
Uskayaw
Vehumet
Wu Jian
Xom
Yredelemnul
Zin
The Shining One
Beogh
Jiyva
Lugonu


Message History

Something stings Borgun.
Borgun looks as sick as possible!
Something poisons Borgun!
Something barely misses Borgun.
A hippogriff comes into view.
Unknown command.
Unknown command.
Aiming: Smiting
Press: ? - help, Dir - move target cursor You smite something!
Beogh accepts your kill.
Reactivating autopickup.
You feel a bit more experienced.
You feel you are being watched by something.
You feel your power leaking away.
Something hits Borgun.
Borgun dies!
You feel you are being watched by something.
You feel your power leaking away.
The yaktaur wields an arbalest.
The yaktaur shoots a bolt.
The bolt hits you!
You die...

,,,,,,,**,,,,,,,,,,,.........''..
,,,,,,,**,,,,,,,,,,,.........''..
,,,,,,,**,,*##*****########..##..
,,,,,,,**,,##.#,*,#k#.#,*,#..##..
,,,,,,,**,,#.#.#,#X#H#,*,*#..##..
,,,,,,,**,,*#.#(#c#s#,*,*,#..####
,,,,,,,**,,*,#)#)#)#,*,*,*#..####
,,,,,,,**,,**,#X#c#,*,*,*,#..##..
*********..#####@##########..##.#
########*.......o............##.#
______.#*............o.......##.'
______.#*#########++###########.#
____...###########++###########.+
######'##................##..##,#
.')))'.##......#..#......##..#*,,
######.##................''..#***
........'................''..####


You could see a large abomination, a yaktaur, a hippogriff, a tarantella, the
friendly Urug and the friendly Orkrul the orc priest (wandering).

Vanquished Creatures
  A deep elf annihilator (D)
  A great orb of eyes (D)
  An ice dragon (D)
  A yaktaur captain (D)
  An ogre mage (D)
  A naga warrior (D)
  An alligator (D)
  3 two-headed ogres (D)
  3 death yaks (D)
  A vampire mage (D)
  An orc high priest (D)
  A salamander mystic (D)
  A shadow wraith (D)
  A sea snake (D)
  2 flayed ghosts (D)
  A cherub (D)
  A wolf spider (D)
  A deep elf mage (D)
  Maurice (D)
  A manticore (D)
  An elephant (D)
  A guardian serpent (D)
  2 orange demons (D)
  A yaktaur (D)
  A guardian mummy (D)
  An ice devil (D)
  A red devil (D)
  A hornet (D)
  6 dream sheep (D)
  5 blink frogs (D)
  A snapping turtle (D)
  A redback (D)
  A ynoxinul (D)
  A wraith (D)
  3 yaks (D)
  2 basilisks (D)
  2 fire bats (D)
  A fire elemental (D)
  A neqoxec (D)
  2 hungry ghosts (D)
  A warg (D)
  3 vampire mosquitoes (D)
  A soldier ant (D)
  A porcupine (D)
  3 floating eyes (D)
  A swamp drake (D)
  Purgy (D)
  2 black bears (D)
  An eye of draining (D)
  A necrophage (D)
  3 ogres (D)
  A crocodile (D)
  A big kobold (D)
  2 scorpions (D)
  3 killer bees (D)
  A jelly (D)
  A gnoll shaman (D)
  3 adders (D)
  A gnoll (D)
  2 oozes (D)
  An orc (D)
  3 bat skeletons (D)
  2 goblins (D)
  2 hobgoblins (D)
  A quokka (D)
  A kobold (D)
103 creatures vanquished.

Vanquished Creatures (collateral kills)
  A sixfirhy (D)
  2 deep trolls (D)
  A gargoyle (D)
  A yak (D)
  A soldier ant (D)
  An ogre (D)
  A centaur (D)
  An earth elemental (D)
  A killer bee (D)
  An iron imp (D)
  A ball python simulacrum (D)
12 creatures vanquished.

Vanquished Creatures (others)
  Urug (D)
  An orc knight (D)
  An orc warrior (D)
  3 orcs (D)
6 creatures vanquished.

Grand Total: 121 creatures vanquished

Notes
Turn   | Place    | Note
-------+----------+-------------------------------------------
     0 | D        | potatolord6000 the Hill Orc Fighter began the quest for the Orb.
     0 | D        | Reached XP level 1. HP: 19/19 MP: 1/1
    43 | D        | Found a bloodstained altar of Trog.
    43 | D        | Found a deep blue altar of Sif Muna.
    43 | D        | Found a viscous altar of Jiyva.
    43 | D        | Found a hazy altar of Hepliaklqana.
    43 | D        | Found an opulent altar of Gozag.
    44 | D        | Found a glowing golden altar of the Shining One.
    44 | D        | Found a glowing silver altar of Zin.
    44 | D        | Found a basalt altar of Yredelemnul.
    44 | D        | Found a shimmering altar of Xom.
    44 | D        | Found an ornate altar of the Wu Jian Council.
    44 | D        | Found a sacrificial altar of Ru.
    44 | D        | Found a stormy altar of Qazlal.
    44 | D        | Found an iron altar of Okawaru.
    44 | D        | Found a sparkling altar of Nemelex Xobeh.
    44 | D        | Found a burning altar of Makhleb.
    44 | D        | Found a blossoming altar of Fedhas.
    44 | D        | Found a white marble altar of Elyvilon.
    44 | D        | Found a shadowy altar of Dithmenos.
    44 | D        | Found a snail-covered altar of Cheibriados.
    46 | D        | Found a radiant altar of Vehumet.
    46 | D        | Found a corrupted altar of Lugonu.
    46 | D        | Found a roughly hewn altar of Beogh.
    48 | D        | Found an ancient bone altar of Kikubaaqudgha.
    48 | D        | Found a hide-covered altar of Uskayaw.
    48 | D        | Found a shattered altar of Ashenzari.
    56 | D        | Became a worshipper of Beogh the Brigand
    77 | D        | Reached skill level 1 in Invocations
    79 | D        | Reached XP level 2. HP: 27/27 MP: 1/3
   117 | D        | Reached * piety under Beogh
   210 | D        | Reached ** piety under Beogh
   210 | D        | Reached XP level 3. HP: 27/34 MP: 3/5
   398 | D        | Noticed Purgy
   400 | D        | Noticed a floating eye
   407 | D        | Paralysed by a floating eye for 2 turns
   410 | D        | Reached *** piety under Beogh
   413 | D        | Paralysed by a floating eye for 4 turns
   422 | D        | Noticed a hungry ghost
   423 | D        | Paralysed by a floating eye for 4 turns
   434 | D        | Paralysed by a floating eye for 3 turns
   444 | D        | Paralysed by a floating eye for 3 turns
   448 | D        | Killed Purgy
   448 | D        | Reached skill level 5 in Armour
   448 | D        | Reached skill level 5 in Shields
   448 | D        | Reached skill level 5 in Invocations
   448 | D        | Reached XP level 4. HP: 22/44 MP: 5/8
   448 | D        | Reached XP level 5. HP: 25/50 MP: 5/9
   450 | D        | Paralysed by a floating eye for 2 turns
   452 | D        | Killed a floating eye
   452 | D        | Reached XP level 6. HP: 54/60 MP: 5/11
   457 | D        | Killed a hungry ghost
   466 | D        | Reached **** piety under Beogh
   479 | D        | Noticed a necrophage
   486 | D        | Killed a necrophage
   486 | D        | Reached XP level 7. HP: 67/68 MP: 9/13
   489 | D        | Noticed a deep elf mage
   509 | D        | Killed a deep elf mage
   509 | D        | Reached skill level 10 in Axes
   518 | D        | Reached ***** piety under Beogh
   521 | D        | Reached XP level 8. HP: 59/78 MP: 15/15
   525 | D        | Reached skill level 10 in Fighting
   525 | D        | Reached skill level 10 in Invocations
   605 | D        | Noticed a snapping turtle
   605 | D        | Noticed a guardian serpent
   616 | D        | Killed a guardian serpent
   622 | D        | HP: 2/80 [snapping turtle (22)]
   629 | D        | Killed a snapping turtle
   629 | D        | Reached skill level 10 in Armour
   629 | D        | Reached skill level 10 in Shields
   767 | D        | Reached XP level 9. HP: 89/89 MP: 13/17
   767 | D        | Paralysed by a floating eye for 3 turns
   778 | D        | Reached ****** piety under Beogh
   814 | D        | Noticed an orange demon
   825 | D        | Killed an orange demon
  1100 | D        | Noticed an orange demon
  1100 | D        | Noticed a manticore
  1105 | D        | Killed a manticore
  1110 | D        | Killed an orange demon
  1110 | D        | Reached XP level 10. HP: 99/99 MP: 19/19
  1207 | D        | Noticed a deep troll
  1207 | D        | Noticed a flayed ghost
  1213 | D        | Killed a flayed ghost
  1216 | D        | Killed a deep troll
  1480 | D        | Noticed a death yak
  1480 | D        | Noticed a death yak
  1481 | D        | Noticed a death yak
  1495 | D        | Killed a death yak
  1495 | D        | Killed a death yak
  1510 | D        | Killed a death yak
  1510 | D        | Reached XP level 11. HP: 56/110 MP: 21/21
  1751 | D        | Reached skill level 15 in Axes
  1918 | D        | Noticed a two-headed ogre
  1923 | D        | Gained Boderik as an ally
  1923 | D        | Reached skill level 15 in Invocations
  1923 | D        | Your ally Boderik died
  1925 | D        | Noticed an orc high priest
  1926 | D        | Killed a two-headed ogre
  1928 | D        | Noticed Urug
  1948 | D        | Your ally died
  1956 | D        | Killed an orc high priest
  1956 | D        | Gained Orkrul as an ally
  1956 | D        | Reached skill level 15 in Fighting
  1964 | D        | Gained Bogmar as an ally
  2440 | D        | Noticed a deep troll
  2446 | D        | Killed a deep troll
  2558 | D        | Noticed a flayed ghost
  2568 | D        | Killed a flayed ghost
  2713 | D        | Noticed Maurice
  2713 | D        | Noticed a wolf spider
  2721 | D        | Killed a wolf spider
  2721 | D        | Reached XP level 12. HP: 51/122 MP: 24/24
  2733 | D        | Killed Maurice
  2964 | D        | Noticed an ice dragon
  2964 | D        | Noticed a deep elf annihilator
  2964 | D        | Noticed an alligator
  2964 | D        | Noticed a naga warrior
  2980 | D        | Killed an ice dragon
  2981 | D        | Gained Bolgrim as an ally
  2983 | D        | Killed an alligator
  2983 | D        | Reached skill level 15 in Armour
  2985 | D        | Killed a deep elf annihilator
  2985 | D        | Reached skill level 15 in Shields
  2992 | D        | Killed a naga warrior
  3139 | D        | Noticed a vampire mage
  3139 | D        | Noticed a great orb of eyes
  3145 | D        | Noticed a two-headed ogre
  3145 | D        | Noticed a yaktaur captain
  3147 | D        | Noticed an ogre mage
  3149 | D        | Killed an ogre mage
  3154 | D        | Killed a two-headed ogre
  3157 | D        | Noticed a two-headed ogre
  3159 | D        | Killed a two-headed ogre
  3174 | D        | Killed a yaktaur captain
  3177 | D        | Killed a great orb of eyes
  3177 | D        | Reached XP level 13. HP: 11/133 MP: 26/26
  3181 | D        | Gained Borgun as an ally
  3183 | D        | HP: 5/133 [something (7)]
  3184 | D        | Your ally Borgun died
  3184 | D        | Shot with a bolt by a yaktaur

Vault maps used:
D:        pitsprint

Skill      XL: |  1  2  3  4  5  6  7  8  9 10 11 12 |
---------------+-------------------------------------+-----
Axes           | 3 4 6 7 8 10 11 13 14 16 18 | 18.7
Fighting       | 4 6 7 8 9 11 12 14 15 17 | 17.6
Invocations    | 1 2 5 6 8 9 11 12 14 16 18 | 18.6
Armour         | 4 5 6 7 9 10 11 12 14 16 | 16.4
Shields        | 4 5 6 7 9 10 11 13 14 16 | 16.3

Action                   |  1- 3 |  4- 6 |  7- 9 | 10-12 | 13-15 || total
-------------------------+-------+-------+-------+-------+-------++-------
Melee: War axe           |    57 |    16 |    47 |       |       ||   120
       Broad axe         |       |       |    21 |   179 |       ||   200
Invok: Smiting           |       |       |     5 |    11 |     6 ||    22
       Resurrection      |       |       |       |     2 |       ||     2
  Use: Potion            |     5 |     1 |    10 |    13 |       ||    29
       Scroll            |       |       |       |     7 |       ||     7
 Stab: Invisible         |       |       |     3 |       |       ||     3
  Eat: Meat ration       |       |       |     2 |     1 |       ||     3
Armor: Scale mail        |    15 |       |       |       |       ||    15
       Chain mail        |    63 |     5 |    23 |       |       ||    91
       Plate armour      |       |       |    27 |   152 |     3 ||   182
Dodge: Dodged            |    22 |     2 |    33 |    60 |     1 ||   118
Block: Shield            |    32 |     7 |    55 |   151 |     1 ||   246

Table legend:
 A = Spawn XP
 B = Non-spawn XP
 C = Spawn XP percentage of total XP
 D = Spawn monster count
 E = Non-spawn monster count
 F = Spawn count percentage of total count
 G = Total turns spent on level
                    A         B        C        D         E        F      G
               +---------+---------+-------+---------+---------+-------+---------
         Total |       0 |   35172 |   0.0 |       0 |     115 |   0.0 |  3184
               +---------+---------+-------+---------+---------+-------+---------
             D |       0 |   35172 |   0.0 |       0 |     115 |   0.0 |  3184
               +---------+---------+-------+---------+---------+-------+---------
